Map: Frozen Temple

Players

LiquidMaNa (MaNa)

  • Race: Protoss Protoss
  • League: Master

SortOf - Winner!

  • Race: Zerg Zerg

VOD

https://www.youtube.com/watch?v=zB_Sq3v84zY

Description

Time

  • Played on: Nov. 25, 2016, 2:37 p.m.
  • Length: 9:13
Show
View Real Time Build Order
Export as new Build Order

LiquidMaNa Protoss 

Build Orders: 1 Gate Expand, Zealot Archon, Dark Templar Rush 

Get SALT Encoding   

  12  0:01  Probe (Chrono Boost)  
  13  0:11  Probe (Chrono Boost)  
  14  0:19  Pylon  
  14  0:22  Probe (Chrono Boost)  
  15  0:37  Probe (Chrono Boost)  
  15  0:38  Gateway  
  16  0:47  Probe (Chrono Boost)  
  16  0:49  Assimilator  
  17  0:58  Probe (Chrono Boost)  
  18  1:08  Probe (Chrono Boost)  
  19  1:20  Nexus  
  19  1:29  Cybernetics Core  
  19  1:32  Probe (Chrono Boost)  
  20  1:38  Assimilator  
  20  1:43  Probe (Chrono Boost)  
  21  1:53  Pylon  
  21  1:54  Probe (Chrono Boost)  
  22  2:05  Probe (Chrono Boost)  
  22  2:07  Warp Gate  
  23  2:11  Stalker  
  25  2:16  Probe (Chrono Boost)  
  26  2:27  Probe (Chrono Boost)  
  27  2:33  Probe (Chrono Boost)  
  28  2:37  Probe (Chrono Boost)  
  28  2:40  Twilight Council  
  28  2:41  Adept  
  32  2:44  Probe (Chrono Boost)  
  32  2:48  Probe (Chrono Boost)  
  33  2:54  Probe (Chrono Boost)  
  34  2:58  Probe (Chrono Boost)  
  34  3:01  Robotics Facility  
  34  3:05  Probe (Chrono Boost)  
  36  3:09  Probe (Chrono Boost)  
  37  3:15  Probe (Chrono Boost)  
  37  3:19  Probe (Chrono Boost), Dark Shrine  
  39  3:22  Pylon  
  39  3:26  Probe (Chrono Boost)  
  40  3:30  Probe (Chrono Boost)  
  41  3:36  Probe (Chrono Boost)  
  41  3:41  Probe (Chrono Boost)  
  43  3:43  Warp Prism  
  45  3:50  Gateway  
  45  3:51  Gateway  
  45  3:54  Gateway  
  45  3:57  Assimilator  
  45  4:00  Assimilator  
  45  4:01  Probe (Chrono Boost)  
  47  4:02  Probe (Chrono Boost)  
  47  4:08  Pylon  
  47  4:10  Pylon  
  47  4:12  Probe (Chrono Boost)  
  47  4:15  Probe (Chrono Boost), Immortal  
  49  4:24  Probe (Chrono Boost)  
  54  4:45  Dark Templar x3  
  58  4:49  Dark Templar  
  58  4:51  Pylon  
  58  4:52  Immortal  
  62  4:54  Archon x2  
  62  4:58  Charge  
  66  5:05  Pylon  
  66  5:28  Gateway x2, Sentry  
  66  5:31  Immortal  
  66  5:33  Gateway  
  72  5:36  Gateway  
  72  5:37  Pylon  
  72  5:53  Sentry x2  
  76  5:58  Zealot x2  
  80  6:08  Pylon  
  80  6:13  Observer  
  80  6:16  Probe (Chrono Boost)  
  82  6:24  Adept  
  84  6:30  Adept  
  84  6:31  Dark Templar x2  
  84  6:32  Mothership Core (Chrono Boost)  
  92  6:33  Zealot x3  
  92  6:34  Zealot  
  92  6:35  Archon  
  98  6:40  Cybernetics Core  
  98  6:46  Pylon  
  97  6:47  Pylon x2  
  97  6:53  Zealot x2  
  101  7:05  Zealot x4  
  101  7:06  Zealot  
  93  7:13  Zealot  
  79  7:16  Zealot  
  59  7:37  Zealot x2  
  59  7:38  Zealot x4  
  59  7:39  Sentry  
  59  7:40  Sentry  
  73  7:58  Sentry x3  
  73  7:59  Zealot x2, Sentry  
  73  8:00  Zealot  
  73  8:03  Zealot  
  88  8:20  Dark Templar x3  
  88  8:21  Dark Templar  
  88  8:24  Archon  
  88  8:25  Archon  
  88  8:26  Zealot x2  
  100  8:27  Sentry  
  100  8:28  Sentry  
  80  8:50  Zealot x4  
  80  8:52  Zealot x2  
  80  8:54  Zealot  
Show
View Real Time Build Order
Export as new Build Order

SortOf Zerg - Winner!

Build Orders: Hatch First 

Get SALT Encoding   

  12  0:00  Drone  
  13  0:12  Overlord  
  13  0:17  Drone  
  14  0:31  Drone x2  
  16  0:48  Hatchery  
  15  0:51  Drone  
  15  0:55  Drone  
  17  0:59  Drone  
  18  1:09  Extractor  
  17  1:14  Spawning Pool  
  17  1:17  Drone  
  17  1:20  Drone  
  18  1:29  Drone  
  19  1:39  Overlord  
  19  1:49  Drone  
  20  2:00  Queen  
  20  2:01  Queen  
  24  2:02  Zergling x4  
  26  2:09  Metabolic Boost  
  26  2:13  Drone x2  
  28  2:24  Drone x2  
  30  2:33  Drone x2  
  32  2:40  Hatchery  
  31  2:45  Overlord  
  31  2:47  Drone  
  32  2:54  Drone x2  
  32  2:58  Queen  
  36  3:05  Drone x2  
  38  3:09  Drone x2  
  38  3:10  Drone  
  41  3:12  Overlord  
  41  3:15  Zergling x2  
  41  3:16  Zergling x2  
  41  3:19  Zergling x2  
  44  3:32  Drone x3  
  47  3:35  Queen  
  47  3:38  Overlord  
  47  3:40  Drone x2  
  51  3:44  Drone  
  51  3:47  Overlord  
  52  3:55  Lair  
  52  3:56  Queen  
  52  3:59  Zergling x8  
  58  4:07  Drone x3  
  61  4:13  Queen  
  61  4:14  Drone x2  
  61  4:15  Drone  
  61  4:16  Overlord  
  66  4:19  Overlord  
  66  4:25  Spore Crawler  
  66  4:27  Spore Crawler  
  66  4:29  Spore Crawler  
  63  4:32  Queen  
  63  4:34  Overlord  
  63  4:37  Zergling x4  
  63  4:38  Zergling x2  
  68  4:39  Zergling x2  
  68  4:41  Zergling x2  
  68  4:45  Zergling x4, Extractor  
  72  4:46  Zergling x2  
  72  4:47  Zergling x2  
  72  4:49  Zergling x2  
  72  4:50  Drone  
  75  4:53  Overlord  
  75  4:55  Drone x2  
  75  4:57  Drone  
  78  5:00  Drone x2  
  78  5:04  Hydralisk Den, Extractor  
  78  5:05  Drone  
  78  5:06  Drone  
  80  5:10  Drone x2  
  82  5:24  Drone  
  82  5:25  Spore Crawler  
  82  5:27  Extractor  
  81  5:31  Drone x2  
  81  5:32  Drone x4  
  81  5:35  Overlord  
  85  5:48  Zergling x14  
  88  5:53  Grooved Spines  
  88  5:54  Hydralisk x2  
  92  5:57  Queen  
  92  5:59  Overlord  
  92  6:00  Overlord x3  
  92  6:02  Overseer  
  92  6:03  Hydralisk x2  
  98  6:07  Hydralisk, Spine Crawler  
  98  6:10  Hydralisk  
  100  6:14  Hydralisk  
  102  6:19  Hydralisk x2  
  102  6:23  Hydralisk  
  102  6:24  Zergling x4  
  110  6:30  Hydralisk  
  110  6:31  Zergling x8  
  116  6:35  Overlord  
  116  6:36  Hydralisk  
  116  6:43  Hydralisk x2  
  116  6:45  Zergling x4  
  121  6:53  Hydralisk x2  
  123  6:55  Zergling x6  
  124  7:01  Hydralisk  
  124  7:06  Hydralisk x2  
  109  7:09  Hydralisk  
  109  7:15  Hydralisk  
  100  7:19  Hydralisk  
  100  7:21  Zergling x6  
  97  7:29  Hydralisk  
  96  7:33  Drone x8  
  96  7:36  Extractor  
  105  7:37  Extractor  
  105  7:39  Muscular Augments  
  105  7:43  Hatchery  
  103  7:45  Baneling Nest  
  103  7:48  Evolution Chamber  
  103  7:49  Hydralisk  
  103  7:50  Hydralisk  
  105  7:53  Zergling x4  
  106  7:58  Hydralisk  
  106  8:00  Zergling x6  
  111  8:06  Hydralisk, Overlord  
  111  8:07  Zergling x2  
  111  8:08  Zergling x2  
  111  8:10  Hydralisk x2  
  111  8:11  Zergling x2  
  121  8:14  Hydralisk  
  121  8:15  Zergling x6  
  126  8:21  Hydralisk x2  
  126  8:26  Hydralisk x2  
  134  8:31  Overlord  
  134  8:32  Hydralisk  
  134  8:33  Zergling x2  
  134  8:34  Zergling x2  
  138  8:35  Baneling x3  
  138  8:38  Zergling x6  
  141  8:47  Hydralisk x3  
  133  8:51  Zergling x2  
  133  8:52  Zergling x2  
Tags
 
Add a new tag
Caveats
  • Supply blocks, unpowered buildings, or Contaminate may cause inaccurate times.
  • Supply counts are checked every 10 seconds.